 Dungeon Crawl Stone Soup version 0.26.0-45-g9c1d065592 (webtiles) character file.

Game seed: 10742382686283714431

13100 kaeus the Thaumaturge (level 12, -6/89 HPs)
             Began as a Gnoll Venom Mage on Jan 31, 2021.
             Was a Believer of Ashenzari.
             Mangled by an eight-headed hydra (11 damage)
             ... on level 12 of the Dungeon.
             The game lasted 00:16:42 (15700 turns).

kaeus the Thaumaturge (Gnoll Venom Mage)           Turns: 15700, Time: 00:16:43

Health: -6/89      AC: 10    Str: 16    XL:     12   Next: 2%
Magic:  3/24       EV: 18    Int: 23    God:    Ashenzari [**....]
Gold:   712        SH:  0    Dex: 16    Spells: 14/28 levels left

rFire    . . .     SeeInvis .   m - +2 dagger (venom)
rCold    . . .     Faith    .   (no shield)
rNeg     . . .     Spirit   .   a - +0 robe
rPois    .         Reflect  .   F - +2 helmet
rElec    .         Harm     .   (no cloak)
rCorr    .         Rampage  .   O - +0 pair of gloves
Will     .....                  r - +2 pair of boots
Stlth    ++++......             (no amulet)
HPRegen  0.24/turn              K - ring of wizardry (curse)
MPRegen  0.19/turn              t - +6 ring of strength (curse)

@: about to teleport, radiating poison
A: distributed training, fangs 1, strong nose
a: Renounce Religion, Curse Item, Scrying


You were on level 12 of the Dungeon.
You worshipped Ashenzari.
Ashenzari was pleased with you.
You visited 2 branches of the dungeon, and saw 13 of its levels.
You also visited: Sewer.

You collected 712 gold pieces.

Inventory:

Hand Weapons
 m - a +2 dagger of venom (weapon)
Missiles
 y - 24 poisoned darts
Armour
 a - a +0 robe (worn)
 r - a +2 pair of boots (worn)
 F - a +2 helmet (worn)
 G - a +0 kite shield
 O - a +0 pair of gloves (worn)
Jewellery
 c - an uncursed ring of protection from fire
 d - an uncursed ring of protection from fire
 q - an uncursed ring of protection from cold
 t - a cursed +6 ring of strength (right hand)
 u - an uncursed ring of poison resistance
 D - an uncursed ring of positive energy
 I - an uncursed ring of see invisible
 J - an uncursed ring of stealth
 K - a cursed ring of wizardry (left hand)
 M - a +4 ring of protection
 Q - the ring "Jacis" {+Fly Dex+3}
   (You found it on level 10 of the Dungeon)

   [ring of flight]

   It affects your dexterity (+3).
   It lets you fly.
Wands
 k - a wand of disintegration (19)
 E - a wand of paralysis (17)
 H - a wand of iceblast (26)
Scrolls
 e - 2 scrolls of fog
 h - 6 scrolls of identify
 l - a scroll of remove curse
 o - 4 scrolls of fear
 v - 5 scrolls of amnesia
 N - a scroll of random uselessness {unknown}
 P - a scroll of holy word {unknown}
Potions
 b - a potion of heal wounds
 f - 2 potions of lignification {unknown}
 g - a potion of attraction {unknown}
 i - 2 potions of berserk rage {unknown}
 j - 2 potions of brilliance {unknown}
 n - 4 potions of mutation {unknown}
 p - 5 potions of haste
 w - 2 potions of invisibility {unknown}
 x - 6 potions of flight {unknown}
 z - 2 potions of magic {unknown}
 A - 3 potions of might {unknown}
 B - 3 potions of curing
 C - 2 potions of degeneration {unknown}
 L - a potion of resistance {unknown}


   Skills:
 + Level 6.8 Fighting
 + Level 6.8 Short Blades
 + Level 6.8 Long Blades
 + Level 6.8 Axes
 + Level 6.8 Maces & Flails
 + Level 6.8 Polearms
 + Level 6.8 Staves
 + Level 6.8 Slings
 + Level 6.8 Bows
 + Level 6.8 Crossbows
 + Level 6.8 Throwing
 + Level 6.8 Armour
 + Level 8.3 Dodging
 + Level 8.1 Stealth
 + Level 6.8 Shields
 + Level 6.8 Unarmed Combat
 + Level 8.6 Spellcasting
 + Level 5.6(7.1) Conjurations
 + Level 5.6(7.1) Hexes
 + Level 5.6(7.1) Summonings
 + Level 5.6(7.1) Necromancy
 + Level 5.6(7.1) Translocations
 + Level 6.1(7.6) Transmutations
 + Level 5.6(7.1) Fire Magic
 + Level 5.6(7.1) Ice Magic
 + Level 5.6(7.1) Air Magic
 + Level 5.6(7.1) Earth Magic
 + Level 8.0(9.5) Poison Magic
 + Level 7.5 Invocations
 + Level 6.8(8.3) Evocations


You had 14 spell levels left.
You knew the following spells:

 Your Spells              Type           Power        Failure   Level
a - Sting                 Tmut/Pois      100%         1%          1
b - Olgreb's Toxic Radia  Pois           52%          1%          4
c - Ignite Poison         Fire/Tmut/Pois 47%          1%          3
d - Mephitic Cloud        Conj/Pois/Air  46%          1%          3
e - Dazzling Flash        Conj/Hex       84%          1%          3

Your spell library contained the following spells:

 Spells                   Type           Power        Failure   Level
 Corona                   Hex            46%          1%          1
 Ensorcelled Hibernation  Hex/Ice        84%          1%          2
 Poisonous Vapours        Pois/Air       96%          1%          2
 Confusing Touch          Hex            42%          1%          3
 Tukima's Dance           Hex            42%          1%          3


Dungeon Overview and Level Annotations

Branches:
Dungeon (12/15)            Temple (1/1) D:4            Lair (0/6) D:10
  Sewer (visited)
    Orc: D:9-12

Altars:
Ashenzari
Cheibriados
Dithmenos
Elyvilon
Fedhas
Gozag
Hepliaklqana
Kikubaaqudgha
Makhleb
Nemelex Xobeh
Okawaru
Qazlal
Ru
Sif Muna
Trog
Uskayaw
Vehumet
Wu Jian
Xom
Yredelemnul
Zin
The Shining One
Beogh

Shops:
D:10 (*

Annotations:
D:7 2 transporters, Eryximachus's ghost, novice DrTm
D:10 3 runed translucent doors, KittyFluff's ghost, journeyman GrBe


Innate Abilities, Weirdness & Mutations

Your experience applies equally to all skills.
You have very sharp teeth.
Your uncanny sense of smell can sniff out nearby items.


Message History

The eight-headed hydra barely misses you.
The eight-headed hydra bites you.
* * * LOW HITPOINT WARNING * * *
The eight-headed hydra closely misses you.
The eight-headed hydra bites you.
* * * LOW HITPOINT WARNING * * *
The eight-headed hydra misses you.
Your base Poison Magic skill increases to level 8!
You have reached level 12!
Your experience leads to an increase in your attributes!
Your base attributes are Str 10, Int 22, Dex 15.
Increase (s)trength, (i)ntelligence, or (d)exterity?
You feel clever.
You feel agile.
You take 24 damage, and have 8/89 hp.
MASSIVE DAMAGE!!
You now have 3/24 mp.
As you read the scroll of teleportation, it crumbles to dust.
You feel strangely unstable.
The yak looks even sicker.
The yak is poisoned.
The eight-headed hydra bites you.
* * * LOW HITPOINT WARNING * * *
The eight-headed hydra bites you!
You die...

** * * * * *,
, ,, * , ,, ,
, , , ,,, , *
* * * **, ** *
≈ #, ≈
,#°##### * * *
* #..D@<#* , ,
#####......≈≈≈
,, #.###..≈≈ *
, , #.# *,≈≈≈
* ,* #.# * ≈ ,
#Y# ,≈ * * #Y#
** , , #Y., *
, * ,


You could see an eight-headed hydra and 3 yaks.

Vanquished Creatures
  Snorg (D:10)
  A boulder beetle (D:10)
  Harold (D:8)
  Erolcha (D:9)
  3 two-headed ogres
  A queen ant (D:10)
  A gargoyle (D:9)
  A troll (D:9)
  Grinder (D:3)
  Sigmund (D:3)
  6 yaks
  Grum (D:8)
  A water moccasin (D:9)
  Duvessa (D:6)
  5 soldier ants (D:10)
  An orc warrior (D:10)
  An ice beast (D:7)
  3 sky beasts
  2 black bears
  A necrophage (D:9)
  An eye of draining (D:10)
  3 ogres
  2 wolves (D:8)
  5 centaurs
  5 bullfrogs
  A gnoll sergeant (D:7)
  2 scorpions (D:4)
  Dowan (D:6)
  20 killer bees
  7 wights
  A howler monkey (D:4)
  A centaur zombie (D:9)
  A bullfrog zombie (D:8)
  6 hounds
  A quasit (D:9)
  3 orc priests
  5 orc wizards
  3 iguanas
  Ijyb (D:5)
  Terence (D:3)
  Natasha (thrice) (D:3)
  20 worker ants
  A hound zombie (D:9)
  2 hound skeletons
  A worker ant zombie (D:7)
  12 gnolls
  15 adders
  A river rat (Sewer)
  3 shadow imps
  8 white imps
  4 ufetubi
  2 oozes
  2 adder zombies (D:6)
  An adder skeleton (D:9)
  5 worms
  2 dart slugs
  4 leopard geckos
  27 orcs
  10 giant cockroaches
  6 goblins
  4 hobgoblins
  8 jackals
  6 quokkas
  4 ball pythons (Sewer)
  13 bats
  3 frilled lizards
  A giant cockroach zombie (D:6)
  A jackal zombie (D:7)
  20 kobolds
  A leopard gecko skeleton (D:5)
  13 rats
  A toadstool (D:1)
308 creatures vanquished.

Vanquished Creatures (others)
  3 toadstools (D:1)
3 creatures vanquished.

Grand Total: 311 creatures vanquished

Notes
Turn   | Place    | Note
-------+----------+-------------------------------------------
     0 | D:1      | kaeus the Gnoll Venom Mage began the quest for the Orb.
     0 | D:1      | Reached XP level 1. HP: 13/13 MP: 6/6
   165 | D:1      | Reached XP level 2. HP: 7/20 MP: 2/7
   614 | D:1      | Reached XP level 3. HP: 25/25 MP: 6/9
   674 | D:1      | Reached skill level 5 in Spellcasting
  1139 | D:2      | Reached skill level 1 in Invocations
  1195 | D:2      | Reached skill level 1 in Fighting
  1195 | D:2      | Reached skill level 1 in Short Blades
  1195 | D:2      | Reached skill level 1 in Long Blades
  1195 | D:2      | Reached skill level 1 in Axes
  1195 | D:2      | Reached skill level 1 in Maces & Flails
  1195 | D:2      | Reached skill level 1 in Polearms
  1195 | D:2      | Reached skill level 1 in Staves
  1195 | D:2      | Reached skill level 1 in Slings
  1195 | D:2      | Reached skill level 1 in Bows
  1195 | D:2      | Reached skill level 1 in Crossbows
  1195 | D:2      | Reached skill level 1 in Throwing
  1195 | D:2      | Reached skill level 1 in Armour
  1195 | D:2      | Reached skill level 1 in Shields
  1195 | D:2      | Reached skill level 1 in Unarmed Combat
  1195 | D:2      | Reached skill level 1 in Evocations
  1657 | D:2      | Reached XP level 4. HP: 32/32 MP: 9/11
  1662 | D:2      | Learned a level 4 spell: Olgreb's Toxic Radiance
  1668 | D:2      | Learned a level 3 spell: Ignite Poison
  1673 | D:2      | Learned a level 3 spell: Mephitic Cloud
  2182 | D:3      | Reached skill level 1 in Conjurations
  2182 | D:3      | Reached skill level 1 in Hexes
  2182 | D:3      | Reached skill level 1 in Summonings
  2182 | D:3      | Reached skill level 1 in Necromancy
  2182 | D:3      | Reached skill level 1 in Translocations
  2182 | D:3      | Reached skill level 1 in Fire Magic
  2182 | D:3      | Reached skill level 1 in Ice Magic
  2182 | D:3      | Reached skill level 1 in Air Magic
  2182 | D:3      | Reached skill level 1 in Earth Magic
  2285 | D:3      | Noticed Natasha
  2293 | D:3      | Noticed Sigmund
  2294 | D:3      | Killed Natasha
  2295 | D:3      | Reached XP level 5. HP: 25/37 MP: 1/12
  2298 | D:3      | Noticed Natasha
  2320 | D:3      | Killed Natasha
  2383 | D:3      | Noticed Natasha
  2386 | D:3      | Killed Natasha
  2565 | D:3      | Killed Sigmund
  2566 | D:3      | Reached skill level 5 in Dodging
  2566 | D:3      | Reached XP level 6. HP: 44/44 MP: 1/14
  2707 | D:3      | Noticed Grinder
  2730 | D:3      | Killed Grinder
  2731 | D:3      | Reached XP level 7. HP: 39/51 MP: 3/15
  2829 | D:3      | Noticed Terence
  2839 | D:3      | Killed Terence
  2977 | D:3      | Found a shadowy altar of Dithmenos.
  3220 | D:4      | Found a glowing silver altar of Zin.
  3220 | D:4      | Found a radiant altar of Vehumet.
  3294 | D:4      | Found a glowing drain.
  3355 | Sewer    | Entered a sewer
  4154 | D:4      | Reached skill level 5 in Stealth
  4606 | D:4      | Reached XP level 8. HP: 57/57 MP: 13/16
  4623 | D:4      | Learned a level 3 spell: Dazzling Flash
  4854 | D:4      | Found a staircase to the Ecumenical Temple.
  5035 | Temple   | Entered the Ecumenical Temple
  5182 | Temple   | Became a worshipper of Ashenzari the Shackled
  5242 | D:5      | Entered Level 5 of the Dungeon
  5474 | D:5      | Noticed Ijyb
  5477 | D:5      | Paralysed by Ijyb for 6 turns
  5491 | D:5      | Killed Ijyb
  6311 | D:6      | Reached * piety under Ashenzari
  6565 | D:6      | Found a bloodstained altar of Trog.
  7313 | D:6      | Noticed Duvessa
  7315 | D:6      | Noticed Dowan
  7319 | D:6      | Killed Dowan
  7325 | D:6      | Killed Duvessa
  7326 | D:6      | Reached XP level 9. HP: 39/65 MP: 6/18
  8002 | D:7      | Found a transporter.
  8003 | D:7      | Found a transporter.
  8003 | D:7      | Noticed Eryximachus's ghost (novice DrTm)
  8006 | D:7      | Identified the +3 great mace of Replolih {vorpal, rPois
                  | rF+++ Int-4 Dex+3}
  8217 | D:7      | Reached skill level 5 in Invocations
  8962 | D:8      | Reached ** piety under Ashenzari
  9372 | D:8      | Found a stormy altar of Qazlal.
  9379 | D:8      | Reached XP level 10. HP: 67/73 MP: 16/20
  9589 | D:8      | Noticed a two-headed ogre
  9595 | D:8      | Killed a two-headed ogre
  9596 | D:8      | Reached skill level 5 in Fighting
  9596 | D:8      | Reached skill level 5 in Short Blades
  9596 | D:8      | Reached skill level 5 in Long Blades
  9596 | D:8      | Reached skill level 5 in Axes
  9596 | D:8      | Reached skill level 5 in Maces & Flails
  9596 | D:8      | Reached skill level 5 in Polearms
  9596 | D:8      | Reached skill level 5 in Staves
  9596 | D:8      | Reached skill level 5 in Slings
  9596 | D:8      | Reached skill level 5 in Bows
  9596 | D:8      | Reached skill level 5 in Crossbows
  9596 | D:8      | Reached skill level 5 in Throwing
  9596 | D:8      | Reached skill level 5 in Armour
  9596 | D:8      | Reached skill level 5 in Shields
  9596 | D:8      | Reached skill level 5 in Unarmed Combat
  9596 | D:8      | Reached skill level 5 in Evocations
  9759 | D:8      | Found a glowing golden altar of the Shining One.
  9796 | D:8      | Noticed Grum
  9802 | D:8      | Killed Grum
 10142 | D:8      | Noticed Harold
 10159 | D:8      | Killed Harold
 10160 | D:8      | Reached skill level 5 in Transmutations
 10727 | D:9      | Noticed a two-headed ogre
 10732 | D:9      | Killed a two-headed ogre
 10889 | D:9      | Noticed Erolcha
 10897 | D:9      | Killed Erolcha
 10898 | D:9      | Reached XP level 11. HP: 81/81 MP: 9/22
 11624 | D:9      | Reached skill level 5 in Conjurations
 11624 | D:9      | Reached skill level 5 in Hexes
 11624 | D:9      | Reached skill level 5 in Summonings
 11624 | D:9      | Reached skill level 5 in Necromancy
 11624 | D:9      | Reached skill level 5 in Translocations
 11624 | D:9      | Reached skill level 5 in Fire Magic
 11624 | D:9      | Reached skill level 5 in Ice Magic
 11624 | D:9      | Reached skill level 5 in Air Magic
 11624 | D:9      | Reached skill level 5 in Earth Magic
 12144 | D:10     | Entered Level 10 of the Dungeon
 12644 | D:10     | Found Nuivve's Assorted Antiques.
 12690 | D:10     | Noticed KittyFluff's ghost (journeyman GrBe)
 12698 | D:10     | Identified the +7 rapier of the Sky {vorpal, rC+ Int+2
                  | Dex+6}
 13249 | D:10     | Noticed a boulder beetle
 13260 | D:10     | Killed a boulder beetle
 13420 | D:10     | Found Weyseng's Antique Weapon Shoppe.
 13497 | D:10     | Identified the ring "Jacis" {+Fly Dex+3}
 13500 | D:10     | Found a runed translucent gate.
 13500 | D:10     | Found a runed translucent gate.
 13500 | D:10     | Found a runed translucent gate.
 13533 | D:10     | Noticed a two-headed ogre
 13541 | D:10     | Killed a two-headed ogre
 13688 | D:10     | Reached *** piety under Ashenzari
 13725 | D:10     | Found a staircase to the Lair.
 13744 | D:10     | Noticed Snorg
 13758 | D:10     | Killed Snorg
 14132 | D:10     | Noticed a queen ant
 14143 | D:10     | Killed a queen ant
 15284 | D:10     | Found a roughly hewn altar of Beogh.
 15336 | D:11     | Noticed a tengu warrior
 15336 | D:11     | Noticed a boulder beetle
 15336 | D:11     | Noticed a catoblepas
 15336 | D:11     | Noticed a wolf spider
 15693 | D:12     | Noticed an eight-headed hydra
 15700 | D:12     | Reached XP level 12. HP: 8/89 MP: 3/24
 15700 | D:12     | Mangled by an eight-headed hydra

Illustrated notes

Levels and vault maps discovered:
D:1:      ldierk_water_garden, layout_rooms, columned_hall_lemuel,
          hangedman_decor_opposing, minmay_door_square
D:2:      layout_rooms
D:3:      layout_basic, grunt_dithmenos_smoke_and_mirrors, amethyst_killhole,
          minmay_three_crescents, uniq_natasha, uniq_grinder, uniq_sigmund,
          uniq_terence
D:4:      layout_cave_pools, gammafunk_temple_overflow_wave,
          minmay_temple_entry_poolview, gup_sewer_entry_bubbles,
          minmay_misc_feat_cross, minmay_box_of_dots
D:5:      layout_gridville, uniq_ijyb
D:6:      mumra_celtic_spiral_tile, layout_basic, lightli_temple_of_fire,
          roderic_roman_lattice, kennysheep_generic_room_11, uniq_duvessa
D:7:      black_bear_nest_2, layout_basic, gammafunk_ghost_smash,
          chequers_serial_rivers_small_3
D:8:      layout_loops_cross, nicolae_qazlal_eye_of_the_storm,
          nicolae_tso_swordbearing_angel, uniq_grum, uniq_harold
D:9:      layout_layer_cave, uniq_erolcha
D:10:     kennysheep_big_flooded_room, layout_layer_cave, lair_entry_dummy,
          biasface_ghost_orc_armoury, serial_shops, shop, shop,
          minmay_another_anthill, uniq_snorg
D:11:     minmay_cut_squares, layout_stronghold, minivault_16,
          nicolae_ashenzari_panopticon, uniq_sonja
D:12:     layout_loops_ring, orc_0_dummy, lemuel_centaur_altar, uniq_fannar
Temple:   eino_temple_scatter_basement

Skill      XL: |  1  2  3  4  5  6  7  8  9 10 11 |
---------------+----------------------------------+-----
Transmutations | 2 3 4 5 6 |  6.1
Spellcasting   | 5 6 7 8 |  8.6
Invocations    | 1 2 3 4 5 6 7 |  7.5
Fighting       | 1 2 3 4 5 6 |  6.8
Short Blades   | 1 2 3 4 5 6 |  6.8
Long Blades    | 1 2 3 4 5 6 |  6.8
Axes           | 1 2 3 4 5 6 |  6.8
Maces & Flails | 1 2 3 4 5 6 |  6.8
Polearms       | 1 2 3 4 5 6 |  6.8
Staves         | 1 2 3 4 5 6 |  6.8
Slings         | 1 2 3 4 5 6 |  6.8
Bows           | 1 2 3 4 5 6 |  6.8
Crossbows      | 1 2 3 4 5 6 |  6.8
Throwing       | 1 2 3 4 5 6 |  6.8
Armour         | 1 2 3 4 5 6 |  6.8
Shields        | 1 2 3 4 5 6 |  6.8
Unarmed Combat | 1 2 3 4 5 6 |  6.8
Evocations     | 1 2 3 4 5 6 |  6.8
Conjurations   | 1 2 3 4 5 |  5.6
Hexes          | 1 2 3 4 5 |  5.6
Summonings     | 1 2 3 4 5 |  5.6
Necromancy     | 1 2 3 4 5 |  5.6
Translocations | 1 2 3 4 5 |  5.6
Fire Magic     | 1 2 3 4 5 |  5.6
Ice Magic      | 1 2 3 4 5 |  5.6
Air Magic      | 1 2 3 4 5 |  5.6
Earth Magic    | 1 2 3 4 5 |  5.6
Dodging        | 5 6 7 8 |  8.3
Stealth        | 5 6 7 8 |  8.1
Poison Magic   | 6 7 8 |  8.0

Action                   |  1- 3 |  4- 6 |  7- 9 | 10-12 || total
-------------------------+-------+-------+-------+-------++-------
Melee: Unarmed           |     6 |       |       |       ||     6
       Hand axe          |    25 |       |       |       ||    25
       Bite              |     5 |     2 |    40 |    48 ||    95
       Dagger            |     2 |    46 |   384 |   344 ||   776
       Punch             |     1 |       |     8 |    15 ||    24
 Cast: Sting             |    39 |    17 |   113 |    52 ||   221
       Olgreb's Toxic Ra |       |    12 |    20 |    51 ||    83
       Ignite Poison     |       |     2 |     6 |    25 ||    33
       Mephitic Cloud    |       |       |       |     6 ||     6
       Dazzling Flash    |       |       |       |     2 ||     2
Invok: Curse Item        |       |       |     2 |     1 ||     3
  Use: Scroll            |       |       |    10 |     5 ||    15
       Potion            |       |       |       |     5 ||     5
 Stab: Invisible         |       |       |       |     1 ||     1
Armor: Robe              |     9 |     4 |    77 |    72 ||   162
Dodge: Dodged            |    30 |    34 |   285 |   256 ||   605
